 Dungeon Crawl Stone Soup version 0.21.1-1-g345015f (webtiles) character file.

125156 poirepourri the Severer (level 16, -4/155 HPs)
             Began as a Minotaur Fighter on July 13, 2018.
             Was the Champion of Makhleb.
             Slain by Aizul (15 damage)
             ... on level 3 of the Swamp.
             The game lasted 00:43:47 (30026 turns).

poirepourri the Severer (Minotaur Fighter)         Turns: 30026, Time: 00:43:48

Health: -4/155     AC: 24    Str: 23    XL:     16   Next: 40%
Magic:  19/19      EV: 15    Int:  7    God:    Makhleb [******]
Gold:   373        SH:  0    Dex: 19    Spells: 15/15 levels left

rFire    + + +     SeeInvis .   a - +4 broad axe (chop)
rCold    + . .     Gourm    .   c - +5 shield
rNeg     . . .     Faith    .   S - +8 chain mail of Jogaw {rF+ MR+ Int+2}
rPois    +         Spirit   .   e - +2 hat
rElec    +         Reflect  .   (no cloak)
rCorr    +         Harm     .   J - +2 pair of gloves
MR       ++...                  (no boots)
Stlth    ..........             x - amulet of regeneration
HPRegen  0.75/turn              j - +4 ring of dexterity
MPRegen  0.16/turn              s - ring of protection from fire

@: about to teleport, resistant, sleeping, very slightly contaminated, invisible
A: retaliatory headbutt, horns 2
a: Minor Destruction, Lesser Servant of Makhleb, Major Destruction, Greater
Servant of Makhleb, Renounce Religion


You were on level 3 of the Swamp.
You worshipped Makhleb.
Makhleb was exalted by your worship.
You were not hungry.

You visited 5 branches of the dungeon, and saw 26 of its levels.
You also visited: Sewer and Ossuary.

You collected 2771 gold pieces.
You spent 2398 gold pieces at shops.

Inventory:

Hand Weapons
 a - a +4 broad axe of chopping (weapon)
 b - the +5 hand crossbow "Wohos" {venom, Str+4}
   (You found it on level 1 of the Orcish Mines)

   It poisons the ammo it fires.
   It affects your strength (+4).
 Q - a +2 mace of crushing
Missiles
 g - 2 poisoned tomahawks
 h - a throwing net
 t - 199 bolts
 z - 34 tomahawks (quivered)
 R - 10 tomahawks of returning
Armour
 c - a +5 shield (worn)
 e - a +2 hat (worn)
 J - a +2 pair of gloves (worn)
 S - the +8 chain mail of Jogaw (worn) {rF+ MR+ Int+2}
   (You bought it in a shop on level 2 of the Orcish Mines)

   It affects your intelligence (+2).
   It protects you from fire.
   It affects your resistance to hostile enchantments.
Jewellery
 j - a +4 ring of dexterity (left hand)
 l - an uncursed amulet of guardian spirit
 s - a ring of protection from fire (right hand)
 x - an amulet of regeneration (around neck)
 C - an uncursed ring of flight
 D - an uncursed ring of protection from cold
 G - an uncursed ring of ice
 H - an uncursed ring of see invisible
Wands
 k - a wand of digging (22)
 u - a wand of paralysis (40)
 w - a wand of flame (126)
 y - a wand of random effects (37)
 E - a wand of acid (35)
 K - a wand of polymorph (11)
 L - a wand of enslavement (16)
Scrolls
 v - 10 scrolls of teleportation
 F - 12 scrolls of remove curse
 N - a scroll of amnesia
 O - a scroll of silence
 P - a scroll of holy word
 T - 2 scrolls of enchant armour
 V - a scroll of identify
Potions
 d - 4 potions of ambrosia
 i - 7 potions of curing
 m - 4 potions of haste
 o - 2 potions of resistance
 p - 10 potions of flight
 q - a potion of invisibility
 r - a potion of magic
 A - a potion of cancellation
 B - 4 potions of lignification
Miscellaneous
 I - a sack of spiders
Comestibles
 f - 14 rations


   Skills:
 - Level 17.3 Fighting
 - Level 20.2 Axes
 - Level 9.1 Armour
 - Level 10.5 Dodging
 - Level 15.3 Shields
 + Level 6.5 Invocations


You had 15 spell levels left.
You didn't know any spells.

Dungeon Overview and Level Annotations

Branches:
Dungeon (13/15) Temple (1/1) D:7 Lair (6/6) D:10 Swamp (4/4) Lair:3 Snake (0/4) Lair:4 Slime (0/5) Lair:5 Orc (2/2) D:11 Elf (0/3) Orc:2 Vaults (0/5) D:12 D:13

Altars:
Ashenzari
Cheibriados
Dithmenos
Elyvilon
Fedhas
Gozag
Hepliaklqana
Kikubaaqudgha
Makhleb
Nemelex Xobeh
Okawaru
Qazlal
Ru
Sif Muna
Trog
Uskayaw
Vehumet
Wu Jian
Xom
Yredelemnul
Zin
The Shining One
Jiyva

Shops:
D:5 (   D:6 *   D:10 (   Orc:2 ([?*=

Annotations:
Swamp:3 Aizul


Innate Abilities, Weirdness & Mutations

You reflexively headbutt those who attack you in melee.
You have a pair of horns on your head.


Message History

* * * LOW HITPOINT WARNING * * *
The bolt of poison hits your neqoxec.
The bolt of poison hits your orange demon.
Unknown command.
Unknown command.
Your chain mail of Jogaw prevents you from hitting Aizul.
Your headbutt misses Aizul.
Aizul is lightly wounded.
Aizul hits you!
* * * LOW HITPOINT WARNING * * *
Unknown command.
Unknown command.
Unknown command.
As you read the scroll of teleportation, it crumbles to dust.
You feel strangely unstable. Aizul hits you!
* * * LOW HITPOINT WARNING * * *
Aizul coils herself and waves her upper body at you.
You fall asleep.
Aizul hits you!
You die...

♣♣♣♣≈≈.....≈♣≈.≈≈≈♣.♣
.♣...≈..≈≈≈≈.≈.♣.≈[♣♣
.≈≈≈≈.♣..≈≈.≈≈.♣♣♣≈♣♣
≈.≈≈≈.♣♣"....≈≈.♣♣≈.♣
.≈≈≈≈.♣♣♣♣.≈.≈≈.♣♣≈♣♣
≈≈≈≈♣.♣ ♣.≈.≈≈..≈♣♣
≈.....♣♣ ♣≈≈.≈≈≈≈≈♣
≈≈≈.≈..♣♣♣≈≈.≈≈≈♣.♣
≈.§≈≈≈..♣♣≈≈[≈43@S♣
§≈≈≈≈≈≈..≈≈..≈♣♣♣♣♣
..≈...≈.≈.≈♣♣♣♣
.≈≈≈..≈≈≈≈.♣ ♣♣♣
≈.♣≈♣≈≈≈≈=♣♣ ♣.♣
≈♣♣.[≈≈.♣♣♣ ♣.♣
.♣♣♣.≈≈≈♣ ♣.♣ ♣♣
♣.≈≈§♣ ♣.♣ ♣ ♣..≈♣♣
♣.♣


You could see Aizul, a friendly orange demon and a friendly neqoxec.

Vanquished Creatures
  Nikola (Swamp:2)
  Jorgrun (Swamp:2)
  The ghost of nightchill the Warrior, an adept MiFi of Qazlal (Swamp:3)
  An orc warlord (Orc:2)
  A stone giant (Orc:1)
  2 very ugly things (Swamp:3)
  Nessos (D:13)
  Snorg (D:10)
  An ettin (Orc:1)
  Fannar (D:12)
  The ghost of eyesofgods1 the Cruncher, a journeyman FoFi of Okawaru (D:9)
  13 hydras
  2 death knights (D:11)
  A centaur warrior (D:13)
  A ghost crab (Swamp:1)
  10 two-headed ogres
  4 death yaks
  8 alligators
  4 titan zombies (Orc:1)
  Urug (D:11)
  The ghost of bohran the Geomancer, a journeyman GrEE of Vehumet (D:12)
  6 orc high priests (Orc:2)
  Nergalle (D:10)
  2 deep elf knights (D:11)
  A spriggan druid (Swamp:2)
  A wizard (D:11)
  3 swamp dragons
  A shambling mangrove (Swamp:3)
  The ghost of Zubo the Arsonist, a novice DEFE of Sif Muna (D:7)
  10 orc knights
  An orc sorcerer (Orc:2)
  16 cyclopes
  3 manticores
  8 elephants
  3 black mambas
  A torpor snail (Lair:4)
  19 spiny frogs
  3 rime drakes
  2 tormentors (D:11)
  8 komodo dragons
  A queen bee (Lair:3)
  5 trolls
  A wind drake (shapeshifter) (D:12)
  6 tyrant leeches
  10 hippogriffs
  4 hornets
  Grinder (D:6)
  20 blink frogs
  15 slime creatures
  5 bog bodies
  3 spriggans
  A vampire (D:13)
  9 wraiths
  4 shadows
  3 basilisks
  50 yaks
  6 wyverns
  16 humans
  2 hungry ghosts
  6 vampire mosquitoes
  11 wargs
  3 insubstantial wisps (Swamp:2)
  18 swamp worms
  The ghost of olivier the Magician, an amateur OpWz (D:4)
  18 water moccasins
  7 porcupines
  4 ice beasts
  5 swamp drakes
  Duvessa (D:4)
  2 black bears
  4 sky beasts
  44 orc warriors
  An eye of draining (D:8)
  4 phantoms
  10 ogres
  5 wolves
  9 centaurs
  11 crocodiles
  13 bullfrogs
  6 big kobolds
  A wyvern skeleton (D:8)
  Dowan (D:4)
  4 scorpions
  35 killer bees
  3 jellies
  9 wights
  7 howler monkeys
  3 crimson imps
  A quasit (D:8)
  A bullfrog zombie (D:12)
  4 human zombies (D:9)
  7 hounds
  A bullfrog skeleton (D:6)
  18 orc priests
  2 centaur skeletons
  4 iguanas
  A hell rat (Lair:3)
  28 orc wizards
  8 worker ants
  An ogre zombie (D:9)
  A hound zombie (D:10)
  A hound skeleton (D:6)
  2 mummies (D:9)
  2 howler monkey zombies
  A worker ant zombie (D:8)
  10 gnolls
  19 adders
  An ooze (D:4)
  An adder skeleton (D:9)
  5 worms
  A dart slug (D:1)
  11 leopard geckos
  125 orcs
  6 giant cockroaches
  13 hobgoblins
  18 jackals
  8 quokkas
  6 ball pythons
  2 ball python skeletons (Ossuary)
  18 bats
  8 frilled lizards
  8 goblins
  2 hobgoblin skeletons (Ossuary)
  2 hobgoblin zombies (Ossuary)
  24 kobolds
  A kobold zombie (Ossuary)
  2 leopard gecko zombies
  An orc zombie (D:9)
  A quokka zombie (D:5)
  6 rats
  A fungus (Lair:4)
  2 plants
940 creatures vanquished.

Vanquished Creatures (collateral kills)
  A komodo dragon (Lair:6)
1 creature vanquished.

Vanquished Creatures (others)
  A swamp dragon (Swamp:3)
  A slime creature (Swamp:4)
  A briar patch (Swamp:4)
  11 fungi
  11 plants
25 creatures vanquished.

Grand Total: 966 creatures vanquished

Notes
Turn   | Place    | Note
-------+----------+-------------------------------------------
     0 | D:1      | poirepourri the Minotaur Fighter began the quest for the Orb.
     0 | D:1      | Reached XP level 1. HP: 19/19 MP: 0/0
    40 | D:1      | Reached skill level 3 in Axes
    50 | D:1      | Reached XP level 2. HP: 26/26 MP: 1/1
   369 | D:1      | Reached skill level 4 in Axes
   495 | D:1      | Reached XP level 3. HP: 31/31 MP: 2/2
   947 | D:2      | Found a faded altar of an unknown god.
   968 | D:2      | Reached skill level 5 in Axes
   972 | D:2      | Reached XP level 4. HP: 16/39 MP: 3/3
  1377 | D:2      | Reached skill level 6 in Axes
  1876 | D:3      | Reached XP level 5. HP: 45/45 MP: 4/4
  1905 | D:3      | Reached skill level 7 in Axes
  2176 | D:3      | Reached XP level 6. HP: 48/51 MP: 5/5
  2360 | D:4      | Noticed olivier's ghost (amateur OpWz)
  2371 | D:4      | Killed olivier's ghost
  2371 | D:4      | Reached skill level 8 in Axes
  2435 | D:4      | Found a glowing drain.
  2440 | Sewer    | Entered a sewer
  2664 | Sewer    | Reached skill level 5 in Fighting
  2664 | Sewer    | Reached XP level 7. HP: 51/61 MP: 6/6
  3076 | D:4      | Found a radiant altar of Vehumet.
  3335 | D:4      | Noticed Duvessa
  3335 | D:4      | Noticed Dowan
  3339 | D:4      | Killed Dowan
  3347 | D:4      | Killed Duvessa
  3347 | D:4      | Reached skill level 5 in Shields
  3719 | D:5      | Entered Level 5 of the Dungeon
  3734 | D:5      | Reached XP level 8. HP: 69/73 MP: 7/7
  3786 | D:5      | Found Belipi's Weapon Emporium.
  3889 | D:5      | Found a glowing silver altar of Zin.
  3967 | D:5      | Found a sand-covered staircase.
  3978 | Ossuary  | Entered an ossuary
  4089 | Ossuary  | Noticed a flying skull
  4099 | Ossuary  | Noticed a flying skull
  4126 | Ossuary  | Noticed a flying skull
  4142 | Ossuary  | Noticed a flying skull
  4159 | Ossuary  | Noticed a flying skull
  4414 | D:5      | Found a burning altar of Makhleb.
  4616 | D:5      | Reached skill level 10 in Shields
  4826 | D:6      | Reached XP level 9. HP: 79/79 MP: 8/8
  4832 | D:6      | Noticed Grinder
  4832 | D:6      | Paralysed by Grinder for 2 turns
  4848 | D:6      | Killed Grinder
  4902 | D:6      | Found Loteras's Assorted Antiques.
  4911 | D:6      | Bought a runed war axe for 149 gold pieces
  4911 | D:6      | Bought a scroll of identify for 46 gold pieces
  5049 | D:6      | Reached skill level 9 in Axes
  5649 | D:7      | Found a snail-covered altar of Cheibriados.
  5811 | D:5      | Became a worshipper of Makhleb the Destroyer
  5947 | D:7      | Found a staircase to the Ecumenical Temple.
  5957 | Temple   | Entered the Ecumenical Temple
  6120 | D:7      | Noticed Zubo's ghost (novice DEFE)
  6129 | D:7      | Killed Zubo's ghost
  6129 | D:7      | Reached skill level 10 in Axes
  6191 | D:7      | Reached skill level 11 in Axes
  6808 | D:8      | Noticed a two-headed ogre
  6827 | D:8      | Killed a two-headed ogre
  6827 | D:8      | Reached skill level 12 in Axes
  6827 | D:8      | Reached XP level 10. HP: 69/86 MP: 9/9
  6924 | D:8      | Reached * piety under Makhleb
  6977 | D:8      | Noticed a two-headed ogre
  6985 | D:8      | Killed a two-headed ogre
  6985 | D:8      | Reached skill level 13 in Axes
  7181 | D:8      | Reached skill level 14 in Axes
  7871 | D:9      | Noticed a dagger
  7872 | D:9      | Found a hide-covered altar of Uskayaw.
  7873 | D:9      | Noticed a dagger
  7902 | D:9      | Noticed eyesofgods1's ghost (journeyman FoFi)
  7904 | D:9      | Found a hazy altar of Hepliaklqana.
  7925 | D:9      | Killed eyesofgods1's ghost
  7925 | D:9      | Reached skill level 15 in Axes
  8105 | D:9      | Reached XP level 11. HP: 92/92 MP: 10/10
  8222 | D:9      | Found a basalt altar of Yredelemnul.
  8416 | D:9      | Reached ** piety under Makhleb
  8512 | D:9      | Found a blossoming altar of Fedhas.
  8649 | D:9      | Reached skill level 16 in Axes
  8733 | D:9      | Noticed a two-headed ogre
  8743 | D:9      | Killed a two-headed ogre
  9276 | D:10     | Entered Level 10 of the Dungeon
  9322 | D:10     | Found Wosisosch's Antique Weapon Emporium.
  9446 | D:10     | Noticed Nergalle
  9450 | D:10     | Found a sacrificial altar of Ru.
  9465 | D:10     | Killed Nergalle
  9497 | D:10     | Noticed Snorg
  9517 | D:10     | Killed Snorg
  9517 | D:10     | Reached skill level 10 in Fighting
  9746 | D:10     | Found a staircase to the Lair.
 10059 | D:10     | Noticed a two-headed ogre
 10071 | D:10     | Killed a two-headed ogre
 10640 | Lair:1   | Entered Level 1 of the Lair of Beasts
 10706 | D:11     | Found a labyrinth entrance.
 10805 | D:11     | Noticed a death knight
 11342 | Lair:1   | Reached *** piety under Makhleb
 11350 | Lair:1   | Reached XP level 12. HP: 97/112 MP: 11/11
 12447 | Lair:2   | Reached **** piety under Makhleb
 13046 | Lair:3   | Noticed a four-headed hydra
 13056 | Lair:3   | Killed a four-headed hydra
 13285 | Lair:3   | Reached skill level 15 in Shields
 13301 | Lair:3   | Found a staircase to the Swamp.
 13546 | Lair:2   | Reached skill level 5 in Armour
 13675 | Lair:3   | Reached skill level 1 in Dodging
 13679 | Lair:3   | Reached XP level 13. HP: 118/118 MP: 12/12
 14143 | Lair:3   | Reached ***** piety under Makhleb
 14280 | Lair:3   | Reached skill level 5 in Dodging
 14613 | Lair:4   | Found a staircase to the Snake Pit.
 15727 | Lair:5   | Reached skill level 10 in Dodging
 16334 | Lair:5   | Found a viscous altar of Jiyva.
 16335 | Lair:5   | Found a staircase to the Slime Pits.
 16531 | Lair:6   | Entered Level 6 of the Lair of Beasts
 17411 | D:11     | Noticed Urug
 17422 | D:11     | Killed Urug
 17422 | D:11     | Reached XP level 14. HP: 126/126 MP: 13/13
 17427 | D:11     | Reached skill level 1 in Invocations
 17471 | D:11     | Reached ****** piety under Makhleb
 18713 | D:12     | Noticed bohran's ghost (journeyman GrEE)
 18725 | D:12     | Killed bohran's ghost
 18730 | D:12     | Noticed Fannar
 18753 | D:12     | Killed Fannar
 18781 | D:12     | Found an opulent altar of Gozag.
 19760 | D:13     | Found a gate to the Vaults.
 19760 | D:13     | Noticed Nessos
 20045 | D:13     | Killed Nessos
 20056 | D:13     | Reached skill level 15 in Fighting
 21536 | D:11     | Found a staircase to the Orcish Mines.
 22219 | Orc:1    | Entered Level 1 of the Orcish Mines
 23160 | Orc:1    | Reached XP level 15. HP: 145/145 MP: 17/17
 23200 | Orc:1    | Found the +8 autumn katana {slice, Clar}
 23288 | Orc:1    | Got an ichor-stained hand crossbow
 23603 | Orc:1    | Reached skill level 17 in Axes
 23765 | Orc:1    | Identified the +5 hand crossbow "Wohos" {venom, Str+4} (You found it on level 1 of the Orcish Mines)
 23855 | Orc:2    | Entered Level 2 of the Orcish Mines
 23918 | Orc:2    | Found Riryst's General Store.
 24034 | Orc:2    | Found a staircase to the Elven Halls.
 24038 | Orc:2    | Bought a scroll of acquirement for 832 gold pieces
 24038 | Orc:2    | Bought the +8 chain mail of Jogaw {rF+ MR+ Int+2} for 1092 gold pieces
 24038 | Orc:2    | Bought 3 scrolls of teleportation for 144 gold pieces
 24090 | Orc:2    | Found Fecalum's Antique Weapon Emporium.
 24143 | Orc:2    | Noticed an orc warlord
 24163 | Orc:2    | Found Uviguog's Jewellery Emporium.
 24163 | Orc:2    | Found Uxtigedo's Magic Scroll Shop.
 24247 | Orc:2    | Reached skill level 18 in Axes
 24256 | Orc:2    | Bought a scroll of identify for 20 gold pieces
 24256 | Orc:2    | Bought a scroll of identify for 20 gold pieces
 24256 | Orc:2    | Bought a scroll of enchant armour for 75 gold pieces
 24256 | Orc:2    | Bought a scroll of identify for 20 gold pieces
 24269 | Orc:2    | Got a brightly glowing steel amulet
 24352 | Orc:2    | Found Nohakoz's Antique Armour Shop.
 24577 | Orc:2    | Killed an orc warlord
 25014 | Swamp:1  | Entered Level 1 of the Swamp
 25163 | Swamp:1  | Identified the amulet of Litus {Harm *Drain Str+3} (You acquired it on level 2 of the Orcish Mines)
 25255 | Swamp:1  | Reached skill level 19 in Axes
 26455 | Swamp:2  | Noticed Jorgrun
 26472 | Swamp:2  | Killed Jorgrun
 26692 | Swamp:2  | Noticed Nikola
 26958 | Swamp:2  | Killed Nikola
 26958 | Swamp:2  | Reached skill level 20 in Axes
 26958 | Swamp:2  | Reached XP level 16. HP: 93/152 MP: 18/18
 27671 | Swamp:3  | Noticed nightchill's ghost (adept MiFi)
 27693 | Swamp:3  | Killed nightchill's ghost
 28543 | Swamp:3  | Paralysed by a hornet for 3 turns
 28942 | Swamp:4  | Entered Level 4 of the Swamp
 28946 | Swamp:4  | Noticed Aizul
 29059 | Swamp:4  | Noticed a thorn hunter
 29063 | Swamp:4  | Reached skill level 5 in Invocations
 30026 | Swamp:3  | Slain by Aizul

Skill      XL: |  1  2  3  4  5  6  7  8  9 10 11 12 13 14 15 16 |
---------------+-------------------------------------------------+-----
Axes           | 3 4 5 6 7 8 12 15 16 20 | 20.2
Fighting       | 5 7 12 16 17 | 17.3
Shields        | 5 10 11 15 | 15.3
Armour         | 6 9 |  9.1
Dodging        | 1 10 | 10.5
Invocations    | 4 6 |  6.5

Action                   |  1- 3 |  4- 6 |  7- 9 | 10-12 | 13-15 | 16-18 || total
-------------------------+-------+-------+-------+-------+-------+-------++-------
Melee: War axe           |    80 |   128 |   312 |   647 |   900 |       ||  2067
       Headbutt          |    13 |    26 |    60 |   180 |   364 |    41 ||   684
       Mace              |       |       |       |     7 |    21 |     6 ||    34
       Broad axe         |       |       |       |       |   438 |   156 ||   594
 Fire: Hand crossbow     |       |       |       |       |    46 |    54 ||   100
Throw: Tomahawk          |       |       |       |       |     3 |       ||     3
       Throwing net      |       |       |       |       |     2 |       ||     2
Invok: Lesser Servant of |       |       |       |       |     2 |     7 ||     9
       Minor Destruction |       |       |       |       |     1 |       ||     1
Evoke: Wand              |       |       |       |       |     7 |     8 ||    15
  Use: Scroll            |     4 |    10 |    12 |    13 |    25 |     6 ||    70
       Potion            |     1 |     1 |     7 |     8 |     6 |     9 ||    32
 Stab: Paralysed         |       |       |       |       |     4 |       ||     4
  Eat: Ration            |       |     2 |     5 |     6 |    12 |     3 ||    28
Armor: Scale mail        |    60 |    10 |       |       |       |       ||    70
       Chain mail        |       |    62 |   124 |   160 |   320 |   160 ||   826
Dodge: Dodged            |    33 |    42 |    44 |   117 |   411 |   188 ||   835
Block: Shield            |    63 |    76 |   270 |   564 |  1219 |   282 ||  2474
